 Dungeon Crawl Stone Soup version 0.26-a0-812-g31a745ddcd (webtiles) character file.

Game seed: 3173218400239138098

32 schauveau the Skirmisher (level 3, 0/23 HPs)
             Began as a Gargoyle Fighter on Nov 13, 2020.
             Slain by an ogre
             ... wielding a +0 giant spiked club
              (23 damage)
             ... on level 3 of the Dungeon.
             The game lasted 00:01:21 (529 turns).

schauveau the Skirmisher (Gargoyle Fighter)          Turns: 529, Time: 00:01:22

Health: 0/23       AC: 10    Str: 20    XL:     3   Next: 25%
Magic:  3/3        EV:  7    Int:  8    God:
Gold:   62         SH:  9    Dex:  9    Spells: 2/2 levels left

rFire    . . .     SeeInvis .   a - +0 war axe
rCold    . . .     Faith    .   c - +0 kite shield
rNeg     + . .     Spirit   .   b - +0 scale mail
rPois    ∞         Reflect  .   (no helmet)
rElec    +         Harm     .   (no cloak)
rCorr    .         Rampage  .   (no gloves)
MR       .....                  (no boots)
Stlth    ..........             (no amulet)
HPRegen  0.07/turn              (no ring)
MPRegen  0.08/turn              (no ring)

@: no status effects
A: negative energy resistance 1, electricity resistance, unbreathing,
petrification resistance, rot immunity, AC +3
a: no special abilities


You were on level 3 of the Dungeon.
You visited 1 branch of the dungeon, and saw 4 of its levels.

You collected 62 gold pieces.

Inventory:

Hand Weapons
 a - a +0 war axe (weapon)
Missiles
 e - 4 boomerangs (quivered)
Armour
 b - a +0 scale mail (worn)
 c - a +0 kite shield (worn)
Scrolls
 h - a scroll of enchant weapon {unknown}
Potions
 d - a potion of might
 f - a potion of resistance {unknown}
 g - a potion of heal wounds {unknown}


   Skills:
 + Level 3.6 Fighting
 * Level 2.4 Axes
 + Level 3.6 Armour
 + Level 3.6 Shields


You had 2 spell levels left.
You didn't know any spells.
Your spell library was empty.

Dungeon Overview and Level Annotations

Branches:
Dungeon (4/15)
 Temple: D:4-7

Altars:


Innate Abilities, Weirdness & Mutations

You are resistant to torment.
Your stone body is resilient. (AC +3)
You are immune to poison.
You resist negative energy. (rN+)
You are resistant to electric shocks. (rElec)
You can survive without breathing.
You are immune to petrification.
You are immune to rotting.


Message History

There is a stone staircase leading down here.
You climb downwards.
An ogre comes into view. It is wielding a +0 giant spiked club.
The ogre shouts!
There is a stone staircase leading up here.
A shadow imp comes into view.
The shadow imp shouts, "Slither home, thou baffled boil-brained hedge-pig!"
The shadow imp gestures at you. Pain shoots through your body!
A worker ant comes into view.
There is a stone staircase leading up here.
You block the ogre's attack.
The worker ant waves its antennae.
You climb upwards.
There is a stone staircase leading down here.
You hit the ogre.
The ogre is lightly wounded.
The ogre hits you with a +0 giant spiked club!!
Ouch! That really hurt!
You die...

###########..# .#
#........##..# .# .#
#........##..# .. #
.##.#........##..##. .#
.##.#........+..... ..#
.##.#........#....##..#.
.##.#...)....#..........
.##.#........#.....# .#
.##.#.†......#..@..#..#
)##.#........#..O..#..#+
....#....#...###'#......
###..........+..........
###..........#..........
.............#.#.##.....
.......<.#...#.#........
.........#..............
......######.#.####.....


You could see an ogre.

Vanquished Creatures
  A worm (D:3)
  A leopard gecko (D:3)
  3 orcs (D:2)
  4 bats
  A giant cockroach (D:1)
  3 goblins
  4 hobgoblins (D:3)
  2 frilled lizards (D:3)
  2 kobolds (D:1)
  2 rats (D:3)
23 creatures vanquished.

Notes
Turn   | Place    | Note
-------+----------+-------------------------------------------
     0 | D:1      | schauveau the Gargoyle Fighter began the quest for the Orb.
     0 | D:1      | Reached XP level 1. HP: 14/14 MP: 1/1
   138 | D:2      | Reached XP level 2. HP: 19/19 MP: 2/2
   378 | D:3      | Reached XP level 3. HP: 22/23 MP: 3/3
   519 | D:4      | Noticed an ogre
   529 | D:3      | Slain by an ogre

Illustrated notes

Levels and vault maps discovered:
D:1:      lightli_arrival_flooded_house, layout_rooms, roderic_roman_lattice,
          wad_floor_pattern_untrapped
D:2:      layout_basic, overflow_temple_1_default, okawaru_ov_weapons_minmay,
          minmay_rat_hole
D:3:      layout_basic
D:4:      layout_basic, nicolae_qazlal_general_emergency,
          minmay_temple_entry_offerings, tgw_sif, uniq_duvessa

Skill      XL: |  1 |
---------------+----+-----
Axes           | 2 |  2.4
Fighting       | |  3.6
Armour         | |  3.6
Shields        | |  3.6

Action                   || total
-------------------------++-------
Melee: War axe           ||    64
Armor: Scale mail        ||    40
Dodge: Dodged            ||    24
Block: Kite shield       ||    40

Table legend: (Time is in decaauts)
 A = Elapsed time spent in this place.
 B = Non-inter-level travel time spent in this place.
 C = Inter-level travel time spent in this place.
 D = Time resting spent in this place.
 E = Time spent auto-exploring this place.
 F = Levels seen in this place.
 G = Mean time per level.
                   A        B        C        D        E       F      G
               +--------+--------+--------+--------+--------+-----+--------+
         Total |    559 |    542 |     17 |     85 |    142 |   4 |  139.8 |
       Dungeon |    559 |    542 |     17 |     85 |    142 |   4 |  139.8 |
               +--------+--------+--------+--------+--------+-----+--------+

Top non-repeatable levels by time:
     D:3: 367 daAuts
     D:1: 96 daAuts
     D:2: 86 daAuts
     D:4: 8 daAuts
